 Dungeon Crawl Stone Soup version 0.26-a0-648-g87339cca5e (webtiles) character file.

Game seed: 3202612771168420567

64412 DogServant the Whirler (level 15, 44/104 HPs)
             Began as a Halfling Hunter on Sept 25, 2020.
             Was a High Priest of Fedhas.
             Quit the game on level 1 of the Snake Pit on Sept 26, 2020.
             The game lasted 01:44:04 (33549 turns).

DogServant the Whirler (Halfling Hunter)           Turns: 33549, Time: 01:44:05

Health: 44/104     AC: 13    Str: 14    XL:     15   Next: 54%
Magic:  11/22      EV: 33    Int: 12    God:    Fedhas [*****.]
Gold:   518        SH: 16    Dex: 33    Spells: 6/14 levels left

rFire    . . .     SeeInvis .   C - +2 fustibalus
rCold    + . .     Faith    .   V - +2 buckler
rNeg     . . .     Spirit   .   c - +0 leather armour "Cadahif" {rC+ Dex+10} (curse)
rPois    .         Reflect  +   P - +0 helmet {Int+3}
rElec    .         Harm     .   y - scarf {repulsion}
rCorr    .         Rampage  .   x - +2 pair of gloves
MR       +....                  U - +0 pair of boots {Stlth+}
Stlth    ++++......             u - amulet of reflection
HPRegen  0.27/turn              K - +4 ring of protection
MPRegen  0.18/turn              r - +4 ring of evasion

@: quite poisoned (44 -> 17), repel missiles
A: small, agile 1, mutation resistance 1
a: Wall of Briars, Grow Ballistomycete, Overgrow, Grow Oklob, Renounce Religion


You were on level 1 of the Snake Pit.
You worshipped Fedhas.
Fedhas was extremely pleased with you.
You visited 4 branches of the dungeon, and saw 22 of its levels.

You collected 2330 gold pieces.
You spent 1812 gold pieces at shops.

Inventory:

Hand Weapons
 z - the +6 mace "Arcanum" {vorpal, rC- Str+4 Int+9 Stlth+}
   (You found it on level 7 of the Dungeon)

   It inflicts extra damage upon your enemies.
   It affects your strength (+4).
   It affects your intelligence (+9).
   It makes you vulnerable to cold.
   It makes you more stealthy.
 C - a +2 fustibalus (weapon)
Missiles
 d - 19 sling bullets
 e - 187 stones (quivered)
 i - 42 poisoned darts
Armour
 c - the cursed +0 leather armour "Cadahif" (worn) {rC+ Dex+10}
   (You bought it in a shop on level 2 of the Orcish Mines)

   It affects your dexterity (+10).
   It protects you from cold.
   It has a curse placed upon it.
 x - a +2 pair of gloves (worn)
 y - a scarf of repulsion (worn)
 N - a +3 leather armour
 P - a +0 helmet of intelligence (worn)
 S - a +0 scale mail
 U - a +0 pair of boots of stealth (worn)
 V - a +2 buckler (worn)
Jewellery
 m - an uncursed ring of protection from fire
 p - an uncursed amulet of regeneration
 r - a +4 ring of evasion (right hand)
 u - an amulet of reflection (around neck)
 K - a +4 ring of protection (left hand)
 L - a +6 ring of intelligence
 R - an uncursed ring of flight
 W - an uncursed amulet of the acrobat
Wands
 j - a wand of disintegration (17)
 k - a wand of paralysis (10)
 v - a wand of random effects (13)
 D - a wand of digging (3)
 M - a wand of flame (17)
 Q - a wand of enslavement (6)
 T - a wand of polymorph (8)
Scrolls
 g - 8 scrolls of remove curse
 l - 6 scrolls of amnesia
 n - 4 scrolls of magic mapping
 q - 5 scrolls of blinking
 s - 3 scrolls of enchant armour
 w - a scroll of enchant weapon
 B - 5 scrolls of fog
 G - a scroll of fear
 I - 5 scrolls of teleportation
 O - 3 scrolls of identify
Potions
 a - 2 potions of resistance
 b - 2 potions of lignification
 f - 6 potions of brilliance
 h - 2 potions of curing
 o - a potion of heal wounds
 t - a potion of invisibility
 A - 2 potions of ambrosia
 E - a potion of might
 F - a potion of magic
 J - 2 potions of haste


   Skills:
 + Level 10.3 Fighting
 - Level 17.0 Slings
 - Level 7.0 Armour
 + Level 11.1 Dodging
 - Level 4.0 Stealth
 - Level 6.0 Shields
 - Level 3.7 Conjurations
 - Level 5.8 Translocations
 - Level 1.8 Ice Magic
 - Level 4.5 Air Magic
 - Level 4.6 Poison Magic
 + Level 10.6 Invocations
 - Level 7.7 Evocations


You had 6 spell levels left.
You knew the following spells:

 Your Spells              Type           Power        Failure   Level
a - Frozen Ramparts       Ice            #.....       50%         3
b - Mephitic Cloud        Conj/Pois/Air  ##......     21%         3
c - Blink                 Tloc           N/A          5%          2

Your spell library contained the following spells:

 Spells                   Type           Power        Failure   Level
 Apportation              Tloc           ##....       3%          1
 Magic Dart               Conj           #...         9%          1
 Gell's Gravitas          Tloc           ##........   11%         3
 Freeze                   Ice            #...         19%         1
 Animate Skeleton         Necr           #.....       36%         1
 Corona                   Hex            #......      36%         1
 Summon Small Mammal      Summ           #...         36%         1
 Conjure Flame            Conj/Fire      #.......     50%         3
 Ozocubu's Armour         Ice            #.......     50%         3
 Call Imp                 Summ           #.......     52%         2
 Slow                     Hex            #.......     52%         2
 Ignite Poison            Fire/Tmut/Pois #.......     54%         3
 Call Canine Familiar     Summ           #.......     75%         3
 Confusing Touch          Hex            #.......     75%         3
 Summon Guardian Golem    Hex/Summ       #.......     75%         3
 Hailstorm                Conj/Ice       #.......     77%         4
 Summon Lightning Spire   Summ/Air       #.......     83%         4
 Summon Ice Beast         Ice/Summ       #.......     95%         4
 Petrify                  Tmut/Erth      #.......     98%         4
 Fireball                 Conj/Fire      #.........   99%         5
 Irradiate                Conj/Tmut      #.........   99%         5
 Metabolic Englaciation   Hex/Ice        #.........   100%        5
 Yara's Violent Unravell  Hex/Tmut       #.........   100%        5
 Hydra Form               Tmut           #.........   100%        6
 Starburst                Conj/Fire      #.........   100%        6
 Statue Form              Tmut/Erth      #........    100%        6
 Dragon Form              Tmut           #.........   100%        7
 Ignition                 Fire           #.........   100%        8


Dungeon Overview and Level Annotations

Branches:
Dungeon (13/15)            Temple (0/1) D:4            Lair (6/6) D:9
 Shoals (0/4) Lair:2        Snake (1/4) Lair:2        Slime (0/5) Lair:5
    Orc (2/2) D:10            Elf (0/3) Orc:2        Vaults (0/5) D:13

Altars:
Ashenzari
Dithmenos
Fedhas
Hepliaklqana
Kikubaaqudgha
Makhleb
Okawaru
Qazlal
Ru
Wu Jian
Xom
Beogh

Shops:
D:4 =   D:5 *   D:7 }}[:   D:12 =?   Orc:2 *[[[(

Annotations:
Lair:2 1 runed translucent door, hemabe71's ghost, journeyman HuAr


Innate Abilities, Weirdness & Mutations

You are small and have problems with some larger weapons.
You are somewhat resistant to further mutation.
You are agile. (Dex +2)


Message History

You are more poisoned.
You block the black mamba's attack. The black mamba completely misses you.
You block the mana viper's attack.
Firing (i - inventory. (/) - cycle)
e - 188 stones (quivered)
Press: ? - help, Shift-Dir - straight line, f/p - black mamba
Aim: a black mamba (almost dead)
You shoot a stone.
The stone closely misses the black mamba.
The stone hits the naga ritualist but does no damage.
The naga ritualist is lightly wounded.
You feel sick.
You are more poisoned.
The black mamba completely misses you. The black mamba bites you.
The naga ritualist completely misses you.
The mana viper closely misses you.
Quiver which item? (- for none, * to show all) (? for menu, Esc to quit)
That's the wrong kind of item! (Use * to select it.) Quiver which item? (- for none, * to show all) (? for menu, Esc to quit)
Quivering
e - 187 stones for slings.
Are you sure you want to abandon this character and quit the game? (Confirm with "yes".)

##.#†.# ##..#
#....)#############
###...#..........
((
##....##..........
..
##....#######..##..
.. #....## .#
#.....## #
......#..S##
......###.@S##
###### ###S.##
##N.# #((# ##(# .#
(# (# ##


You could see a naga ritualist (toxic aura), a mana viper and 2 black mambas.

Vanquished Creatures
  An orc warlord (Orc:2)
  An ironheart preserver (D:13)
  A dire elephant (Lair:6)
  5 hydras
  A catoblepas (Lair:6)
  A two-headed ogre (D:8)
  2 centaur warriors (D:13)
  10 death yaks
  An orc high priest (Orc:2)
  A naga sharpshooter (Snake:1)
  Urug (D:11)
  2 orc knights
  A lindwurm (Lair:6)
  A deep elf mage (D:13)
  An orc sorcerer (Orc:2)
  2 manticores (Lair:6)
  2 elephants (Lair:6)
  Maurice (Orc:1)
  11 black mambas
  A naga mage (Snake:1)
  2 torpor snails
  10 cane toads
  A gargoyle (D:13)
  7 komodo dragons
  2 rime drakes
  A tengu conjurer (D:13)
  6 trolls
  A polar bear (Lair:5)
  A hornet (D:13)
  6 slime creatures (D:10)
  Grinder (D:3)
  Prince Ribbit (D:7)
  A dream sheep (Lair:6)
  11 blink frogs
  11 hippogriffs
  Sigmund (D:3)
  3 basilisks
  38 yaks
  4 wyverns
  2 wargs (Orc:2)
  9 nagas
  An acid dragon (D:12)
  23 orc warriors
  6 porcupines
  15 water moccasins
  3 ice beasts
  3 phantoms
  2 sky beasts
  2 necrophages
  17 wolves
  8 centaurs
  11 ogres
  3 big kobolds
  34 crocodiles
  A gnoll sergeant (D:9)
  14 bullfrogs
  A wyvern zombie (D:12)
  A wyvern skeleton (D:7)
  5 scorpions
  12 wights
  4 howler monkeys
  2 electric eels
  A bullfrog zombie (D:11)
  10 hounds
  10 jellies
  2 quasits
  20 orc priests
  Crazy Yiuf (D:7)
  3 centaur skeletons
  Jessica (D:2)
  Ijyb (D:3)
  6 worker ants
  9 iguanas
  18 orc wizards
  4 hell rats (Lair:3)
  A killer bee zombie (D:6)
  2 hound skeletons
  A worker ant zombie (D:9)
  3 gnolls (D:9)
  13 adders
  4 shadow imps
  6 white imps
  2 ufetubi
  9 oozes
  An adder skeleton (D:5)
  2 worms
  2 dart slugs
  10 leopard geckos
  85 orcs
  A ball python (D:3)
  3 giant cockroaches
  9 goblins
  13 hobgoblins
  12 jackals
  21 kobolds
  5 quokkas
  A ball python skeleton (D:5)
  12 bats
  5 frilled lizards
  A leopard gecko skeleton (D:8)
  3 quokka skeletons
  A quokka zombie (D:7)
  7 rats
655 creatures vanquished.

Vanquished Creatures (collateral kills)
  A hydra (Lair:6)
  2 death yaks (Lair:2)
  A black mamba (Lair:2)
  A cane toad (Lair:2)
  Maggie (D:6)
  2 blink frogs (Lair:6)
  A water elemental (D:12)
  A vampire mosquito (D:13)
  A naga (Lair:2)
  A warg (Orc:2)
  6 orc warriors
  A wolf (Lair:3)
  4 crocodiles (D:12)
  A hound (D:7)
  2 orc priests (Orc:2)
  A jelly (Lair:1)
  2 orc wizards (Orc:2)
  An iguana (D:12)
  An adder (D:10)
  7 oozes (Lair:1)
  2 leopard geckos (D:12)
  11 orcs
  2 frilled lizards (D:12)
  13 ballistomycete spores
66 creatures vanquished.

Vanquished Creatures (others)
  A dream sheep (Lair:6)
  A leopard gecko (D:12)
  68 fungi
  99 plants
169 creatures vanquished.

Grand Total: 890 creatures vanquished

Notes
Turn   | Place    | Note
-------+----------+-------------------------------------------
     0 | D:1      | DogServant the Halfling Hunter began the quest for the Orb.
     0 | D:1      | Reached XP level 1. HP: 14/14 MP: 1/1
   137 | D:1      | Reached skill level 6 in Slings
   196 | D:1      | Reached XP level 2. HP: 17/19 MP: 2/2
   768 | D:1      | Reached XP level 3. HP: 24/24 MP: 3/3
  1160 | D:2      | Noticed Jessica
  1170 | D:2      | Killed Jessica
  1170 | D:2      | Reached skill level 7 in Slings
  1170 | D:2      | Reached XP level 4. HP: 19/29 MP: 4/4
  1468 | D:2      | Found a blossoming altar of Fedhas.
  1565 | D:2      | Reached XP level 5. HP: 20/34 MP: 5/5
  1584 | D:2      | Became a worshipper of Fedhas Madash
  2430 | D:3      | Noticed Ijyb
  2439 | D:3      | Killed Ijyb
  2449 | D:3      | Noticed Sigmund
  2472 | D:3      | Killed Sigmund
  2472 | D:3      | Reached skill level 8 in Slings
  2472 | D:3      | Reached XP level 6. HP: 5/41 MP: 6/6
  3015 | D:3      | Noticed Grinder
  3103 | D:3      | Reached * piety under Fedhas
  3153 | D:4      | Found a sacrificial altar of Ru.
  3156 | D:4      | Found a shadowy altar of Dithmenos.
  3159 | D:4      | Found an ornate altar of the Wu Jian Council.
  3169 | D:4      | Found an ancient bone altar of Kikubaaqudgha.
  3348 | D:4      | Reached XP level 7. HP: 41/45 MP: 7/7
  3363 | D:4      | Reached skill level 1 in Invocations
  3706 | D:4      | Found a staircase to the Ecumenical Temple.
  3725 | D:4      | Reached skill level 9 in Slings
  3804 | D:4      | Found Xezywus's Jewellery Boutique.
  3897 | D:4      | Learned a level 3 spell: Frozen Ramparts
  4230 | D:5      | Entered Level 5 of the Dungeon
  4336 | D:5      | Reached XP level 8. HP: 52/53 MP: 9/9
  4484 | D:5      | Reached ** piety under Fedhas
  4485 | D:5      | Found Rusirec's Assorted Antiques.
  4516 | D:5      | Bought a scroll of identify for 58 gold pieces
  4639 | D:5      | Found a broken altar of Ashenzari.
  4727 | D:5      | Found a burning altar of Makhleb.
  4992 | D:6      | Reached skill level 5 in Dodging
  5459 | D:6      | Reached skill level 10 in Slings
  5649 | D:6      | Noticed Maggie
  5670 | D:6      | Killed Maggie
  5670 | D:6      | Reached XP level 9. HP: 59/59 MP: 8/12
  5735 | D:6      | Reached skill level 5 in Fighting
  5776 | D:6      | Found a stormy altar of Qazlal.
  6214 | D:7      | Found Noewairr's Book Shoppe.
  6255 | D:7      | Reached skill level 5 in Invocations
  6285 | D:7      | Found Yseh's Gadget Shoppe.
  6557 | D:7      | Noticed Prince Ribbit
  6571 | D:7      | Killed Prince Ribbit
  6675 | D:7      | Got an ichor-stained mace
  6677 | D:7      | Got a slimy mace
  6678 | D:7      | Identified the +7 mace "Ihaif" {flame, rF+} (You found it
                  | on level 7 of the Dungeon)
  6679 | D:7      | Identified the +6 mace "Arcanum" {vorpal, rC- Str+4 Int+9
                  | Stlth+} (You found it on level 7 of the Dungeon)
  6681 | D:7      | Found a runed translucent door.
  6682 | D:7      | Noticed Crazy Yiuf
  6750 | D:7      | Found Upyona's Antique Armour Emporium.
  6796 | D:7      | Reached skill level 11 in Slings
  6876 | D:7      | Found Hyleaf's Gadget Emporium.
  7002 | D:7      | Killed Crazy Yiuf
  7261 | D:8      | Reached skill level 1 in Armour
  7261 | D:8      | Reached skill level 1 in Evocations
  7299 | D:8      | Reached skill level 1 in Ice Magic
  7585 | D:8      | Reached XP level 10. HP: 67/67 MP: 14/14
  7733 | D:8      | Reached *** piety under Fedhas
  7764 | D:8      | Learned a level 3 spell: Mephitic Cloud
  7767 | D:8      | Learned a level 2 spell: Blink
  7859 | D:8      | Noticed a two-headed ogre
  7865 | D:8      | Killed a two-headed ogre
  8451 | D:9      | Found a staircase to the Lair.
  8659 | D:9      | Reached skill level 12 in Slings
  8906 | D:9      | Found an iron altar of Okawaru.
  9349 | D:10     | Entered Level 10 of the Dungeon
  9375 | D:10     | Found a broken altar of Ashenzari.
  9473 | D:9      | Reached XP level 11. HP: 60/73 MP: 16/16
  9931 | D:10     | Found a staircase to the Orcish Mines.
 10529 | D:10     | Reached skill level 5 in Armour
 10624 | D:10     | Found a stormy altar of Qazlal.
 11165 | D:11     | Reached **** piety under Fedhas
 11827 | D:11     | Noticed Urug
 12488 | D:10     | Reached skill level 5 in Translocations
 12546 | D:10     | HP: 1/74 [slime creature (19)]
 13092 | D:7      | Bought a pair of runed gloves for 232 gold pieces
 14173 | D:3      | Killed Grinder
 14173 | D:3      | Reached skill level 13 in Slings
 14799 | D:12     | Found Tuciemun's Jewellery Boutique.
 14901 | D:12     | Reached skill level 1 in Air Magic
 14960 | D:12     | Reached skill level 1 in Poison Magic
 15760 | D:12     | Found Quotser's Magic Scroll Boutique.
 16076 | D:12     | Reached XP level 12. HP: 72/80 MP: 18/18
 16213 | D:12     | Bought a scroll of teleportation for 42 gold pieces
 16213 | D:12     | Bought a scroll of teleportation for 42 gold pieces
 16801 | D:13     | Noticed a centaur warrior
 16805 | D:13     | Killed a centaur warrior
 16959 | D:13     | Noticed a centaur warrior
 16963 | D:13     | Noticed an ironheart preserver
 17013 | D:13     | Killed a centaur warrior
 17032 | D:13     | Killed an ironheart preserver
 17159 | D:13     | Found a gate to the Vaults.
 17343 | Lair:1   | Entered Level 1 of the Lair of Beasts
 17367 | Lair:1   | Reached skill level 14 in Slings
 18625 | Lair:2   | Reached XP level 13. HP: 79/86 MP: 20/20
 19049 | Orc:1    | Entered Level 1 of the Orcish Mines
 19107 | Orc:1    | Noticed Maurice
 19118 | Orc:1    | Killed Maurice
 19118 | Orc:1    | Reached skill level 5 in Evocations
 19309 | Orc:2    | Entered Level 2 of the Orcish Mines
 19511 | Orc:2    | Found a staircase to the Elven Halls.
 19836 | D:10     | Reached skill level 10 in Invocations
 19988 | D:11     | Killed Urug
 20131 | D:11     | Noticed a five-headed hydra
 20136 | D:11     | Killed a five-headed hydra
 20136 | D:11     | Reached skill level 15 in Slings
 20415 | Lair:2   | Found a staircase to the Shoals.
 20588 | Lair:2   | Reached skill level 10 in Dodging
 20831 | Lair:2   | Found a staircase to the Snake Pit.
 20832 | Lair:2   | You fall into a shaft and drop 1 floor!
 21241 | Lair:3   | Reached ***** piety under Fedhas
 21979 | Lair:3   | Reached skill level 16 in Slings
 22758 | Lair:4   | Reached XP level 14. HP: 92/93 MP: 21/21
 23462 | Lair:4   | Reached skill level 1 in Conjurations
 23814 | Lair:5   | Found a staircase to the Slime Pits.
 24302 | Lair:6   | Entered Level 6 of the Lair of Beasts
 26529 | Lair:6   | Noticed a dire elephant
 27504 | Orc:2    | Found Atamoes's General Store.
 28451 | Orc:2    | Noticed an orc warlord
 28490 | Orc:2    | Killed an orc warlord
 28490 | Orc:2    | Reached skill level 17 in Slings
 28732 | Orc:2    | Found Etax's Antique Weapon Emporium.
 28734 | Orc:2    | Found a roughly hewn altar of Beogh.
 28738 | Orc:2    | Found Qemiskol's Antique Armour Shoppe.
 28974 | Orc:2    | Found a roughly hewn altar of Beogh.
 29061 | Orc:2    | Found a roughly hewn altar of Beogh.
 29073 | Orc:2    | Found Adwusk's Antique Armour Boutique.
 29184 | Orc:2    | Found a roughly hewn altar of Beogh.
 29388 | Orc:2    | Found a roughly hewn altar of Beogh.
 29549 | Orc:2    | Found a roughly hewn altar of Beogh.
 29554 | Orc:2    | Found Led Mitijogy's Armour Emporium.
 29560 | Orc:2    | Bought the cursed +0 leather armour "Cadahif" {rC+ Dex+10}
                  | for 442 gold pieces
 29824 | Orc:2    | Bought a glowing helmet for 202 gold pieces
 29829 | Orc:2    | Bought a pair of runed boots for 202 gold pieces
 30058 | D:7      | Bought a shiny buckler for 232 gold pieces
 30182 | D:4      | Bought an uncursed amulet of the acrobat for 360 gold
                  | pieces
 30455 | Lair:2   | Found a runed translucent door.
 30456 | Lair:2   | Found a shimmering altar of Xom.
 30456 | Lair:2   | Identified the +6 broad axe of Tanefuto {chaos, Stlth+}
 30456 | Lair:2   | Noticed hemabe71's ghost (journeyman HuAr)
 30490 | Lair:2   | Reached XP level 15. HP: 101/101 MP: 17/22
 30497 | Lair:2   | Reached skill level 1 in Shields
 32380 | Lair:6   | Reached skill level 5 in Shields
 32386 | Lair:6   | Reached skill level 10 in Fighting
 32962 | Snake:1  | Entered Level 1 of the Snake Pit
 32974 | Snake:1  | Found a hazy altar of Hepliaklqana.
 32984 | Snake:1  | Gained mutation: You can translocate small distances at
                  | will. [potion of mutation]
 32985 | Snake:1  | Lost mutation: You can translocate small distances at will.
                  | [potion of mutation]
 32985 | Snake:1  | Gained mutation: You are dopey. (Int -2) [potion of
                  | mutation]
 32986 | Snake:1  | Lost mutation: You are dopey. (Int -2) [potion of mutation]
 32987 | Snake:1  | Gained mutation: You are agile. (Dex +2) [potion of
                  | mutation]
 33549 | Snake:1  | Quit the game

Illustrated notes

Levels and vault maps discovered:
D:1:      enne_arrival_octagon_isle, layout_loops_ring, chequers_mini_garden
D:2:      layout_loops_ring, fedhas_altar_3, uniq_jessica
D:3:      layout_basic, uniq_grinder, uniq_ijyb, uniq_sigmund
D:4:      layout_loops_ring, grunt_temple_overflow_cloverleaf,
          minmay_temple_entry_steel_oval, serial_shops, shop
D:5:      layout_basic, basic_altar, serial_shops, nicolae_shop_crystal,
          makhleb_heckhound_becter
D:6:      layout_loops_cross, nicolae_qazlal_general_emergency, uniq_maggie
D:7:      layout_loops_ring, serial_shops, shop, shop, nicolae_shop_trees,
          kennysheep_mini, uniq_crazy_yiuf_cottage, uniq_prince_ribbit1
D:8:      layout_rooms
D:9:      layout_gridville, dpeg_oklobed_lair, basic_altar,
          grunt_decor_fettered, st_stairs_5
D:10:     layout_roguey, david_orc_2, basic_altar, minmay_liquid_box,
          kennysheep_flooded_box
D:11:     layout_roguey, uniq_urug
D:12:     lemuel_reptile_caves, layout_basic, serial_shops, shop_coins, shop
D:13:     layout_roguey, skrybe_vaults_entry_preservation, special_room
          [special_room_orc]
Lair:1:   lemuel_slime, layout_concentric_octagons, st_stairs_7
Lair:2:   layout_long_grid, minmay_shoals_entry_centaurs,
          minmay_snake_entry_guardpost_large, ebering_ghost_xom,
          grunt_megastairs_3
Lair:3:   layout_regular_city, st_stairs_7, beast_lair_carwin_11,
          grunt_megastairs_5, infiniplex_staircase_pool
Lair:4:   layout_gridlike
Lair:5:   layout_gridlike, minmay_slime_entry_oklob_open,
          chequers_serial_rivers_micro_b, serial_bayou_shore_a
Lair:6:   hangedman_lair_in_review, layout_layer_cave
Snake:1:  layout_concentric_octagons, basic_altar, ebering_ghost_inner_flame,
          serial_bayou_pond_a, hangedman_snake_sidewinding
Orc:1:    layout_diamond_mine, uniq_maurice
Orc:2:    grunt_orc_community_town_hall, layout_caves,
          grunt_orc_community_big_house_2, grunt_orc_community_big_house_2,
          grunt_orc_community_house_3, grunt_orc_community_house_3,
          grunt_orc_community_house_1, grunt_orc_community_house_1,
          grunt_orc_community_house_2, serial_shops, shop_statue,
          nicolae_orc_lava_room

Skill      XL: |  1  2  3  4  5  6  7  8  9 10 11 12 13 14 15 |
---------------+----------------------------------------------+-----
Slings         | 6 7 8 9 10 11 12 13 14 16 17 | 17.0
Stealth        | 2 3 4 |  4.0
Fighting       | 2 3 4 5 6 7 9 10 | 10.3
Dodging        | 3 4 5 6 7 8 10 11 | 11.1
Invocations    | 2 4 5 7 8 9 10 | 10.6
Armour         | 1 4 5 7 |  7.0
Evocations     | 1 3 4 5 7 |  7.7
Ice Magic      | 1 |  1.8
Translocations | 3 5 |  5.8
Air Magic      | 1 4 |  4.5
Poison Magic   | 1 4 |  4.6
Conjurations   | 3 |  3.7
Shields        | 6 |  6.0

Action                   |  1- 3 |  4- 6 |  7- 9 | 10-12 | 13-15 || total
-------------------------+-------+-------+-------+-------+-------++-------
Melee: Short sword       |    59 |    49 |       |       |       ||   108
       Hunting sling     |       |       |     1 |       |       ||     1
       Mace              |       |       |     3 |       |    50 ||    53
 Fire: Hunting sling     |    26 |   109 |   432 |       |       ||   567
       Fustibalus        |       |       |    54 |  1248 |  1920 ||  3222
Throw: Dart              |       |       |     3 |       |       ||     3
       Boomerang         |       |       |       |       |     3 ||     3
 Cast: Blink             |       |       |       |       |     1 ||     1
Invok: Wall of Briars    |       |       |     6 |    11 |    16 ||    33
       Grow Ballistomyce |       |       |       |     4 |       ||     4
       Overgrow          |       |       |       |     2 |     2 ||     4
       Grow Oklob        |       |       |       |       |     1 ||     1
Evoke: Wand              |       |     1 |     2 |    18 |    64 ||    85
  Use: Scroll            |     2 |     8 |     1 |    14 |    11 ||    36
       Potion            |       |       |       |     6 |     8 ||    14
 Stab: Sleeping          |     3 |     4 |     1 |       |       ||     8
Armor: Leather armour    |    21 |    11 |     6 |    34 |    54 ||   126
       Scale mail        |       |       |       |       |    45 ||    45
       Skin              |       |       |       |       |     1 ||     1
Dodge: Dodged            |    55 |    56 |   107 |   404 |   817 ||  1439
       Repelled          |       |       |       |     8 |    10 ||    18
Block: Other             |       |       |    22 |    91 |   150 ||   263
       Reflection        |       |       |     4 |     5 |    15 ||    24
       Buckler           |       |       |       |       |    92 ||    92

Table legend: (Time is in decaauts)
 A = Elapsed time spent in this place.
 B = Non-inter-level travel time spent in this place.
 C = Inter-level travel time spent in this place.
 D = Time resting spent in this place.
 E = Time spent auto-exploring this place.
 F = Levels seen in this place.
 G = Mean time per level.
                   A        B        C        D        E       F      G
               +--------+--------+--------+--------+--------+-----+--------+
         Total |  32686 |  30423 |   2263 |   5797 |  18822 |  22 | 1485.7 |
       Dungeon |  17933 |  16379 |   1554 |   2003 |  11247 |  13 | 1379.5 |
          Lair |  10986 |  10416 |    570 |   2857 |   5818 |   6 | 1831.0 |
     Snake Pit |    548 |    548 |      0 |    292 |    118 |   1 |  548.0 |
  Orcish Mines |   3219 |   3081 |    138 |    643 |   1638 |   2 | 1609.5 |
               +--------+--------+--------+--------+--------+-----+--------+

Top non-repeatable levels by time:
  Lair:6: 3684 daAuts
   Orc:2: 2752 daAuts
     D:3: 2359 daAuts
     D:9: 2154 daAuts
    D:12: 1905 daAuts
    D:10: 1815 daAuts
  Lair:3: 1722 daAuts
  Lair:2: 1668 daAuts
    D:11: 1667 daAuts
  Lair:5: 1413 daAuts
  Lair:1: 1401 daAuts
     D:7: 1250 daAuts
     D:6: 1212 daAuts
     D:4: 1197 daAuts
  Lair:4: 1094 daAuts
